 Dungeon Crawl Stone Soup version 0.22-a0-587-g7d32d7c (webtiles) character file.

2984 sking99 the Cleaver (level 9, -1/84 HPs)
             Began as a Minotaur Fighter on July 4, 2018.
             Was a Believer of Zin.
             Shot with an arrow by a centaur (7 damage)
             ... on level 8 of the Dungeon.
             The game lasted 00:09:58 (7255 turns).

sking99 the Cleaver (Minotaur Fighter)              Turns: 7255, Time: 00:09:58

Health: -1/84      AC: 12    Str: 26    XL:     9   Next: 53%
Magic:  10/10      EV:  6    Int:  6    God:    Zin [**....]
Gold:   338        SH: 10    Dex: 15    Spells: 8/8 levels left

rFire    + . .     SeeInvis .   a - +1 war axe
rCold    . . .     Gourm    .   c - +0 shield
rNeg     . . .     Faith    .   r - +3 chain mail {rF+}
rPois    ∞         Spirit   .   (helmet restricted)
rElec    .         Reflect  .   (no cloak)
rCorr    .         Harm     .   (no gloves)
MR       .....                  (no boots)
Stlth    ..........             (no amulet)
HPRegen  0.24/turn              (no ring)
MPRegen  0.12/turn              (no ring)

@: mighty, vitalised
A: retaliatory headbutt, horns 2
a: Recite, Vitalisation, Donate Gold, Renounce Religion


You were on level 8 of the Dungeon.
You worshipped Zin.
Zin was pleased with you.
You were near starving.

You visited 2 branches of the dungeon, and saw 9 of its levels.

You collected 375 gold pieces.
You donated 37 gold pieces to Zin.

Inventory:

Hand Weapons
 a - a +1 war axe (weapon)
Missiles
 o - 2 javelins (quivered)
Armour
 c - a +0 shield (worn)
 r - a +3 chain mail of fire resistance (worn)
Jewellery
 w - an uncursed ring of fire {unknown}
Wands
 s - a wand of flame (22)
 u - a wand of iceblast (11)
Scrolls
 b - a scroll of fear {unknown}
 e - 3 scrolls of teleportation
 i - 3 scrolls of identify
 j - 2 scrolls of remove curse
 m - 2 scrolls of amnesia {unknown}
 n - 2 scrolls of noise {unknown}
 t - a scroll of fog {unknown}
 v - 2 scrolls of blinking {unknown}
Potions
 d - 2 potions of might
 g - 2 potions of curing
 h - a potion of cancellation
 k - 2 potions of mutation
 l - a potion of resistance
 p - 2 potions of flight
 q - a potion of lignification
Comestibles
 f - 11 rations


   Skills:
 + Level 9.5 Fighting
 * Level 12.3 Axes
 - Level 3.6 Armour
 - Level 3.6 Shields
 + Level 3.7 Invocations


You had 8 spell levels left.
You didn't know any spells.
Your spell library contained the following spells:

 Spells                   Type           Power        Failure   Level  Hunger
 Regeneration             Chrm/Necr      #.........   100%        3    ####...
 Shroud of Golubria       Chrm/Tloc      #.........   100%        2    ###....
 Infusion                 Chrm           #...         100%        1    ##.....
 Song of Slaying          Chrm           #.......     100%        2    ###....
 Spectral Weapon          Hex/Chrm       #.......     100%        3    ####...


Dungeon Overview and Level Annotations

Branches:
Dungeon (8/15)             Temple (1/1) D:6
   Lair: D:8-11

Altars:
Ashenzari
Cheibriados
Dithmenos
Elyvilon
Fedhas
Gozag
Hepliaklqana
Kikubaaqudgha
Makhleb
Nemelex Xobeh
Okawaru
Qazlal
Ru
Sif Muna
Trog
Uskayaw
Vehumet
Wu Jian
Xom
Yredelemnul
Zin
The Shining One

Annotations:
D:4 1 runed door, TheNamelessOne's ghost, novice OgMo


Innate Abilities, Weirdness & Mutations

You reflexively headbutt those who attack you in melee.
You have a pair of horns on your head.


Message History

You feel very mighty all of a sudden. The two-headed ogre barely misses you.
You furiously retaliate!
You headbutt the two-headed ogre!
The two-headed ogre hits you with a giant club!
* * * LOW HITPOINT WARNING * * *
You slash the two-headed ogre!
You kill the two-headed ogre!
Your Axes skill increases to level 12!
Your Invocations skill increases to level 3!
You start resting.
Magic restored.
You start resting.
A centaur comes into view.
A centaur is nearby!
The centaur wields a shortbow.
The centaur shoots an arrow.
The arrow hits you but does no damage.
There is a stone staircase leading up, spattered with blood here.
You see here an arrow.
The centaur shoots an arrow.
The arrow hits you!
You die...

### ..##### ##
#.#...##...
#........[.
#..........
#.@†.......
._......).......
.....#..........
.... #.....##...
.c. #..#### ##
#. #.## . .. #..


You could see a centaur.

Vanquished Creatures
  A two-headed ogre (D:8)
  A hippogriff (D:7)
  Sigmund (D:5)
  Menkaure (D:4)
  A black bear (D:7)
  A sky beast (D:6)
  3 ogres
  4 centaurs
  A bullfrog (D:7)
  2 scorpions
  A water moccasin skeleton (D:5)
  2 crimson imps
  3 howler monkeys (D:8)
  A centaur zombie (D:7)
  A hound (D:7)
  A jelly (D:8)
  7 orc wizards
  A centaur skeleton (D:6)
  An iguana (D:6)
  Natasha (thrice) (D:4)
  2 worker ants
  4 gnolls (D:6)
  A howler monkey skeleton (D:5)
  10 adders
  A shadow imp (D:5)
  2 adder skeletons
  An adder zombie (D:6)
  5 worms
  A dart slug (D:2)
  5 leopard geckos
  19 orcs
  3 bats
  A giant cockroach (D:2)
  6 goblins
  12 hobgoblins
  9 jackals
  2 quokkas
  2 ball pythons
  7 frilled lizards
  A jackal skeleton (D:4)
  A jackal zombie (D:6)
  5 kobolds
  8 rats
145 creatures vanquished.

Notes
Turn   | Place    | Note
-------+----------+-------------------------------------------
     0 | D:1      | sking99 the Minotaur Fighter began the quest for the Orb.
     0 | D:1      | Reached XP level 1. HP: 19/19 MP: 0/0
   189 | D:1      | Reached skill level 3 in Axes
   279 | D:1      | Reached XP level 2. HP: 15/27 MP: 1/1
  1057 | D:2      | Reached XP level 3. HP: 33/33 MP: 2/2
  1068 | D:2      | Reached skill level 4 in Axes
  1498 | D:2      | Reached XP level 4. HP: 36/41 MP: 3/3
  1608 | D:2      | Found a hide-covered altar of Uskayaw.
  1609 | D:2      | Found a shadowy altar of Dithmenos.
  1931 | D:3      | Reached skill level 5 in Axes
  2752 | D:4      | Reached XP level 5. HP: 43/47 MP: 4/4
  2848 | D:4      | Noticed Natasha
  2853 | D:4      | Killed Natasha
  2853 | D:4      | Reached skill level 5 in Fighting
  2875 | D:4      | Noticed an ogre
  2878 | D:4      | Killed an ogre
  2878 | D:4      | Reached skill level 6 in Axes
  2922 | D:4      | Noticed Menkaure
  2928 | D:4      | Killed Menkaure
  2928 | D:4      | Reached skill level 7 in Axes
  2928 | D:4      | Reached XP level 6. HP: 40/57 MP: 5/5
  3397 | D:4      | Found a runed door.
  3397 | D:4      | Noticed TheNamelessOne's ghost (novice OgMo)
  3478 | D:4      | Noticed Natasha
  3482 | D:4      | Killed Natasha
  3769 | D:4      | Noticed Natasha
  3782 | D:4      | Killed Natasha
  3904 | D:5      | Entered Level 5 of the Dungeon
  3907 | D:5      | Reached XP level 7. HP: 63/63 MP: 6/6
  3978 | D:5      | Reached skill level 8 in Axes
  4077 | D:5      | Noticed Sigmund
  4088 | D:5      | Killed Sigmund
  4181 | D:5      | Reached skill level 9 in Axes
  4384 | D:6      | Reached XP level 8. HP: 45/73 MP: 7/7
  4706 | D:6      | Found a blossoming altar of Fedhas.
  4867 | D:6      | Reached skill level 10 in Axes
  5566 | D:6      | Found a staircase to the Ecumenical Temple.
  5572 | Temple   | Entered the Ecumenical Temple
  5794 | Temple   | Became a worshipper of Zin the Law-Giver
  5794 | Temple   | Reached * piety under Zin
  6106 | D:7      | Reached ** piety under Zin
  6148 | D:7      | Reached skill level 1 in Invocations
  6295 | D:7      | Reached skill level 11 in Axes
  6363 | D:7      | Reached XP level 9. HP: 82/82 MP: 9/9
  7220 | D:8      | Found a sparkling altar of Nemelex Xobeh.
  7222 | D:8      | Noticed a two-headed ogre
  7236 | D:8      | HP: 1/83 [two-headed ogre/giant club (14)]
  7237 | D:8      | Killed a two-headed ogre
  7237 | D:8      | Reached skill level 12 in Axes
  7255 | D:8      | Shot with an arrow by a centaur

Vault maps used:
D:1:      dpeg_arrival_long_road
D:2:      gammafunk_temple_overflow_pools
D:4:      serial_corexii_hall, corexii_hall_statues_deadend,
          corexii_hall_statues_l, corexii_hall_statues_t,
          corexii_hall_statues_deadend, ebering_ghost_reflecting_pool,
          uniq_menkaure, uniq_crazy_yiuf_cottage, uniq_natasha
D:5:      cheibrodos_quashed, first_ration, minmay_crossroads, uniq_sigmund
D:6:      fedhas_altar_2, minmay_temple_entry_enclosed_plants,
          kennysheep_generic_room_12
D:8:      old_standard_altar, serial_ice, serial_ice_m, serial_ice_d,
          serial_ice_h, serial_ice_c, serial_ice_o, serial_ice_e
Temple:   dpeg_five_rooms_temple

Skill      XL: |  1  2  3  4  5  6  7  8  9 |
---------------+----------------------------+-----
Axes           | 3 4 5 7 9 11 12 | 12.3
Fighting       | 4 5 6 7 8 9 |  9.5
Invocations    | 2 3 |  3.7
Armour         | |  3.6
Shields        | |  3.6

Action                   |  1- 3 |  4- 6 |  7- 9 || total
-------------------------+-------+-------+-------++-------
Melee: War axe           |   118 |   113 |   185 ||   416
       Headbutt          |    16 |    13 |    29 ||    58
Invok: Recite            |       |       |     3 ||     3
       Vitalisation      |       |       |     1 ||     1
  Use: Scroll            |       |     9 |     2 ||    11
       Potion            |       |       |     1 ||     1
  Eat: Chunk             |     2 |     6 |     7 ||    15
       Ration            |       |       |     1 ||     1
Armor: Chain mail        |    57 |    48 |    86 ||   191
Dodge: Dodged            |    37 |    22 |    32 ||    91
Block: Shield            |    47 |    55 |    76 ||   178

Table legend:
 A = Spawn XP
 B = Non-spawn XP
 C = Spawn XP percentage of total XP
 D = Spawn monster count
 E = Non-spawn monster count
 F = Spawn count percentage of total count
 G = Total turns spent on level
                    A         B        C        D         E        F      G
               +---------+---------+-------+---------+---------+-------+---------
         Total |       0 |    4263 |   0.0 |       0 |     145 |   0.0 |  7255
               +---------+---------+-------+---------+---------+-------+---------
           D:1 |       0 |      30 |   0.0 |       0 |      19 |   0.0 |   969
           D:2 |       0 |      76 |   0.0 |       0 |      24 |   0.0 |   704
           D:3 |       0 |      76 |   0.0 |       0 |      26 |   0.0 |   956
           D:4 |       0 |     460 |   0.0 |       0 |      11 |   0.0 |  1275
           D:5 |       0 |     633 |   0.0 |       0 |      17 |   0.0 |   428
           D:6 |       0 |     872 |   0.0 |       0 |      27 |   0.0 |  1262
           D:7 |       0 |     983 |   0.0 |       0 |      16 |   0.0 |  1352
           D:8 |       0 |    1133 |   0.0 |       0 |       5 |   0.0 |    35
               +---------+---------+-------+---------+---------+-------+---------
